 Dungeon Crawl Stone Soup version 0.22.1-6-g1668fe2c40 (webtiles) character file.

5945 Jerry the Basher (level 10, 0/82 HPs)
             Began as a Demonspawn Fighter on Jan 17, 2019.
             Was an Initiate of Gozag.
             Killed from afar by an orc wizard (illusionary) (9 damage)
             ... with a magic dart
             ... on level 10 of the Dungeon.
             The game lasted 00:24:31 (9819 turns).

Jerry the Basher (Demonspawn Fighter)               Turns: 9819, Time: 00:24:32

Health: 0/82       AC:  0    Str: 25    XL:     10   Next: 54%
Magic:  6/10       EV: 13    Int:  9    God:    Gozag
Gold:   1247       SH:  0    Dex: 13    Spells: 9/9 levels left

rFire    . . .     SeeInvis .   (weapon currently unavailable)
rCold    . . .     Gourm    .   (shield currently unavailable)
rNeg     . . .     Faith    .   (armour currently unavailable)
rPois    .         Spirit   .   (helmet currently unavailable)
rElec    .         Reflect  .   (cloak currently unavailable)
rCorr    .         Harm     .   (gloves currently unavailable)
MR       .....                  (boots currently unavailable)
Stlth    +.........             (no amulet)
HPRegen  0.23/turn              (ring currently unavailable)
MPRegen  0.12/turn              (ring currently unavailable)

@: mighty, pig-form, gold aura, drained, very quick
A: small, demonic guardian 1
a: Potion Petition, Call Merchant, Bribe Branch, Renounce Religion


You were on level 10 of the Dungeon.
You worshipped Gozag.
Gozag was most pleased with you.
You were hungry.
You were a filthy swine.
You visited 2 branches of the dungeon, and saw 11 of its levels.

You collected 1774 gold pieces.
You spent 439 gold pieces at shops.
You paid 88 gold pieces to Gozag.

Inventory:

Hand Weapons
 l - a +1 whip of venom
 q - a cursed +2 flail (melded)
 C - a +2 great mace of draining
Armour
 i - a +1 helmet (melded)
 s - a +0 pair of gloves (melded)
 v - a scarf of spirit shield (melded)
 D - a +4 ring mail of poison resistance (melded)
Jewellery
 a - a ring of positive energy (melded)
 y - a ring of wizardry (melded)
Wands
 b - a wand of polymorph (3)
 c - a wand of random effects (16)
 e - a wand of digging (21)
Scrolls
 h - 5 scrolls of remove curse
 n - 2 scrolls of enchant armour
 p - 2 scrolls of teleportation
 u - 7 scrolls of identify
 x - a scroll of blinking
 A - a scroll of immolation {unknown}
Potions
 d - a potion of might
 g - a potion of resistance {unknown}
 j - 2 potions of agility {unknown}
 k - a potion of haste {unknown}
 m - 3 potions of curing {unknown}
 o - 2 potions of lignification {unknown}
 r - a potion of brilliance {unknown}
 t - 2 potions of flight {unknown}
 z - a potion of invisibility
Comestibles
 f - 21 rations


   Skills:
 + Level 8.6(8.2) Fighting
 * Level 10.5(10.0) Maces & Flails
 + Level 7.8(7.4) Armour
   Level 2.6(2.3) Shields


You had 9 spell levels left.
You didn't know any spells.
Your spell library contained the following spells:

 Spells                   Type           Power        Failure   Level  Hunger
 Freeze                   Ice            #...         38%         1    ##.....
 Shock                    Conj/Air       #...         38%         1    ##.....
 Poisonous Vapours        Pois/Air       #.....       52%         2    ###....
 Swiftness                Chrm/Air       #.......     52%         2    ###....
 Throw Frost              Conj/Ice       #.....       52%         2    ###....
 Conjure Flame            Conj/Fire      #.......     77%         3    ####...
 Mephitic Cloud           Conj/Pois/Air  #.......     77%         3    ####...
 Ozocubu's Armour         Chrm/Ice       #.......     77%         3    ####...
 Static Discharge         Conj/Air       #.......     77%         3    ####...
 Airstrike                Air            #.........   99%         4    #####..
 Summon Ice Beast         Ice/Summ       #.......     99%         4    #####..
 Throw Icicle             Conj/Ice       #.......     99%         4    #####..
 Lightning Bolt           Conj/Air       #.........   100%        5    ######.
 Freezing Cloud           Conj/Ice/Air   #.........   100%        6    #######
 Ring of Flames           Chrm/Fire      #.........   100%        7    #######


Dungeon Overview and Level Annotations

Branches:
Dungeon (10/15)            Temple (1/1) D:5
   Lair: D:8-11         Orc: D:9-12

Altars:
Ashenzari
Cheibriados
Dithmenos
Elyvilon
Fedhas
Gozag
Hepliaklqana
Kikubaaqudgha
Makhleb
Nemelex Xobeh
Okawaru
Qazlal
Ru
Sif Muna
Trog
Uskayaw
Vehumet
Wu Jian
Xom
Yredelemnul
Zin
The Shining One

Shops:
D:6 !   D:9 [


Innate Abilities, Weirdness & Mutations

((You have very sharp fingernails.))
((You are partially covered in slimy green scales. (AC +2)))
A weak demonic guardian rushes to your aid.
((You are mostly covered in sharp spines.))


Message History

* * * LOW HITPOINT WARNING * * *
You hear a shout!
You swap places.
The orc wizard casts a spell.
The orc wizard blinks!
The rakshasa weaves an illusion.
The orc wizard shimmers and seems to become two!
Your quasit barely misses the rakshasa.
Your quasit closely misses the rakshasa.
Your quasit completely misses the rakshasa.
Your quasit bites the rakshasa but does no damage.
Your quasit claws the rakshasa but does no damage.
Your quasit barely misses the rakshasa.
The orc wizard is distracted by the nearby gold.
The orc wizard mumbles some strange words.
The orc wizard seems to speed up.
The orc wizard gestures at you while chanting.
The magic dart hits you!
You die...
Your body crumbles into a pile of gold.

(..<...........
...............
............###
#########...#
#c..# #...#
+...##########..
#...(...........
#....5..h.......
$#...R5.########.
#.55...#
.........#
...o.o...#
#...o.....#
#...o.R####
.....ยง ......


You could see a rakshasa, 3 orc wizards, an orc, a friendly iron imp, a friendly
quasit and 2 friendly white imps.

Vanquished Creatures
  Maurice (D:9)
  2 hippogriffs
  A spriggan (D:7)
  5 yaks (D:9)
  A hungry ghost (D:9)
  A steam dragon (D:5)
  Duvessa (D:6)
  3 ice beasts
  5 sky beasts
  An orc warrior (D:7)
  A crocodile (D:9)
  A centaur (D:5)
  A big kobold (D:8)
  2 gnoll sergeants (D:9)
  A bullfrog (D:6)
  Dowan (D:6)
  Blork the orc (D:5)
  A scorpion (D:5)
  10 killer bees
  8 wights
  A crimson imp (D:5)
  3 jellies
  2 centaur zombies
  7 orc priests
  8 hounds
  A bullfrog skeleton (D:7)
  A gnoll shaman (D:9)
  4 orc wizards
  An iguana (D:6)
  3 worker ants
  2 hound skeletons
  16 adders
  22 gnolls
  A shadow imp (D:8)
  An adder zombie (D:9)
  An adder skeleton (D:8)
  6 worms
  4 dart slugs
  4 leopard geckos
  30 orcs
  6 giant cockroaches
  10 goblins
  5 hobgoblins
  9 jackals
  6 quokkas
  2 ball pythons
  8 bats
  5 frilled lizards
  17 kobolds
  A quokka skeleton (D:4)
  A quokka zombie (D:7)
  8 rats
244 creatures vanquished.

Vanquished Creatures (collateral kills)
  A hippogriff (D:8)
  A steam dragon (D:5)
  An orc warrior (D:10)
  An ice beast (D:5)
  A centaur (D:5)
  A big kobold (D:7)
  A scorpion (D:5)
  A howler monkey (D:2)
  An orc wizard (D:6)
  A bullfrog skeleton (D:4)
  A howler monkey zombie (D:5)
  A leopard gecko (D:9)
  2 orcs
  A ball python (D:2)
  2 kobolds
17 creatures vanquished.

Grand Total: 261 creatures vanquished

Notes
Turn   | Place    | Note
-------+----------+-------------------------------------------
     0 | D:1      | Jerry the Demonspawn Fighter began the quest for the Orb.
     0 | D:1      | Reached XP level 1. HP: 18/18 MP: 1/1
   357 | D:1      | Reached skill level 2 in Maces & Flails
   452 | D:1      | Gained mutation: A weak demonic guardian rushes to your
                  | aid. [demonic ancestry]
   452 | D:1      | Reached XP level 2. HP: 24/24 MP: 2/2
  1308 | D:2      | Gained mutation: You are partially covered in sharp spines.
                  | [demonic ancestry]
  1308 | D:2      | Reached XP level 3. HP: 19/29 MP: 3/3
  1498 | D:2      | Reached skill level 3 in Maces & Flails
  1498 | D:2      | Gained mutation: You are partially covered in slimy green
                  | scales. (AC +2) [demonic ancestry]
  1498 | D:2      | Reached XP level 4. HP: 30/35 MP: 4/4
  1746 | D:2      | Found a sparkling altar of Nemelex Xobeh.
  2200 | D:2      | Gained mutation: You are mostly covered in sharp spines.
                  | [demonic ancestry]
  2200 | D:2      | Reached XP level 5. HP: 37/42 MP: 5/5
  2649 | D:3      | Found a glowing golden altar of the Shining One.
  2717 | D:3      | Reached skill level 4 in Maces & Flails
  2821 | D:4      | Found a shadowy altar of Dithmenos.
  2863 | D:4      | Gained mutation: You have sharp fingernails. [demonic
                  | ancestry]
  2863 | D:4      | Reached XP level 6. HP: 43/48 MP: 6/6
  3877 | D:5      | Entered Level 5 of the Dungeon
  3901 | D:5      | Found a staircase to the Ecumenical Temple.
  3904 | D:5      | Noticed a sky beast
  3911 | Temple   | Entered the Ecumenical Temple
  3925 | Temple   | Killed a sky beast
  4103 | Temple   | Became a worshipper of Gozag Ym Sagoz the Greedy
  4386 | D:5      | Reached skill level 5 in Maces & Flails
  4425 | D:5      | Reached XP level 7. HP: 28/55 MP: 7/7
  4722 | D:5      | Reached skill level 5 in Fighting
  4790 | D:5      | Noticed Blork the orc
  4796 | D:5      | Reached skill level 6 in Maces & Flails
  4811 | D:5      | Killed Blork the orc
  4811 | D:5      | Reached skill level 5 in Armour
  4811 | D:5      | Reached XP level 8. HP: 24/63 MP: 8/8
  5371 | D:6      | Noticed Duvessa
  5373 | D:6      | Noticed Dowan
  5383 | D:6      | Killed Duvessa
  5386 | D:6      | Killed Dowan
  5386 | D:6      | Reached skill level 7 in Maces & Flails
  5785 | D:6      | Found Rangan's Distillery.
  5794 | D:6      | Bought a potion of might for 60 gold pieces
  5794 | D:6      | Bought a potion of degeneration for 15 gold pieces
  6263 | D:7      | Reached XP level 9. HP: 59/71 MP: 9/9
  6369 | D:7      | Reached skill level 8 in Maces & Flails
  7415 | D:8      | Reached skill level 9 in Maces & Flails
  7629 | D:8      | Found a sacrificial altar of Ru.
  8163 | D:9      | Gained mutation: You have very sharp fingernails. [demonic
                  | ancestry]
  8163 | D:9      | Reached XP level 10. HP: 59/80 MP: 8/10
  8189 | D:9      | Noticed Maurice
  8207 | D:9      | Killed Maurice
  8795 | D:9      | Reached skill level 10 in Maces & Flails
  9448 | D:9      | Found Boquroc's Armour Shoppe.
  9456 | D:9      | Bought a +4 ring mail of poison resistance for 364 gold
                  | pieces
  9618 | D:10     | Entered Level 10 of the Dungeon
  9634 | D:10     | Noticed an orc knight
  9639 | D:10     | Noticed a rakshasa
  9819 | D:10     | Killed from afar by an orc wizard (illusionary)

Skill      XL: |  1  2  3  4  5  6  7  8  9 10 |
---------------+-------------------------------+-----
Maces & Flails | 2 3 4 5 6 7 9 10 | 10.5
Armour         | 3 4 5 6 7 |  7.8
Fighting       | 4 5 6 7 8 |  8.6
Shields        | |  2.6

Action                   |  1- 3 |  4- 6 |  7- 9 | 10-12 || total
-------------------------+-------+-------+-------+-------++-------
Melee: Flail             |    80 |   152 |   121 |    61 ||   414
       Great mace        |       |       |    71 |       ||    71
       Whip              |       |       |   105 |   139 ||   244
       Unarmed           |       |       |       |     1 ||     1
  Use: Scroll            |       |       |    11 |       ||    11
       Potion            |       |       |       |     1 ||     1
 Stab: Distracted        |       |       |       |     1 ||     1
  Eat: Chunk             |     2 |     7 |       |       ||     9
       Ration            |       |     1 |     4 |     1 ||     6
Armor: Scale mail        |    45 |    63 |   178 |       ||   286
       Ring mail         |       |       |    17 |    71 ||    88
Dodge: Dodged            |    58 |    72 |   112 |    75 ||   317
